 Dungeon Crawl Stone Soup version 0.32-a0-818-gb728d0252e (webtiles) character file.

Game seed: 6110045330431909414

462 smashvw the Skirmisher (level 7, 0/54 (56) HPs)
             Began as a Gnoll Hunter on Mar 24, 2024.
             Slain by a wight
             ... wielding a +2 scimitar
              (12 damage)
             ... on level 4 of the Dungeon.
             The game lasted 00:07:53 (3414 turns).

smashvw the Skirmisher (Gnoll Hunter)               Turns: 3414, Time: 00:07:54

HP:   0/54 (56)     AC:  4    Str: 10    XL:     7   Next: 7%
MP:   3/3           EV: 14    Int:  9    God:
Gold: 236           SH:  0    Dex: 20    Spells: 10/10 levels left

rFire   + . .        i - +0 orcbow (antimagic)
rCold   . . .        (shield currently unavailable)
rNeg    . . .        t - +0 robe of Majestic Beauty {rF+ Dex+3}
rPois   .            C - +1 hat
rElec   .            (no cloak)
rCorr   .            (no gloves)
SInv    .            m - +0 pair of boots
Will    .....        (no amulet)
Stlth   +++          (no ring)
HPRegen 0.29/turn    (no ring)
MPRegen 0.08/turn

%: no passive effects
@: lightly drained
A: fangs 1, strong nose, distributed training
a: no special abilities


You were on level 4 of the Dungeon.
You visited 1 branch of the dungeon, and saw 5 of its levels.
You also visited: Sewer.

You collected 236 gold pieces.

Inventory:

Hand Weapons
 a - a +0 shortbow
 i - a +0 antimagic orcbow (weapon)
Armour
 c - a +0 leather armour
 m - a +0 pair of boots (worn)
 t - the +0 robe of Majestic Beauty (worn) {rF+ Dex+3}
   (You found it on level 3 of the Dungeon)

   Dex+3:     It affects your dexterity (+3).
   rF+:       It protects you from fire.
 A - +0 storm dragon scales
 C - a +1 hat (worn)
Jewellery
 u - a ring of protection from cold
Wands
 k - a wand of charming (7)
 p - a wand of flame (17)
 v - a wand of mindburst (10) (quivered)
Scrolls
 b - a scroll of butterflies
 e - a scroll of immolation {unknown}
 f - 6 scrolls of teleportation
 g - 3 scrolls of identify
 n - a scroll of enchant weapon {unknown}
 o - 2 scrolls of revelation {unknown}
 q - a scroll of torment {unknown}
 w - a scroll of brand weapon {unknown}
 y - a scroll of amnesia {unknown}
 z - a scroll of silence {unknown}
Potions
 d - a potion of curing
 h - a potion of mutation {unknown}
 j - a potion of might
 l - 3 potions of lignification {unknown}
 r - 2 potions of brilliance
 s - a potion of magic {unknown}
 x - a potion of heal wounds {unknown}
 B - a potion of degeneration {unknown}


   Skills:
 + Level 5.2 Fighting
 + Level 2.3 Short Blades
 + Level 2.3 Long Blades
 + Level 2.3 Axes
 + Level 2.3 Maces & Flails
 + Level 2.3 Polearms
 + Level 2.3 Staves
 + Level 8.9 Ranged Weapons
 + Level 2.3 Throwing
 + Level 2.3 Armour
 + Level 5.2 Dodging
 + Level 3.3 Stealth
 + Level 2.3 Shields
 + Level 2.3 Unarmed Combat
 + Level 2.3 Spellcasting
 + Level 1.9 Conjurations
 + Level 1.9 Hexes
 + Level 1.9 Summonings
 + Level 1.9 Necromancy
 + Level 1.9 Translocations
 + Level 1.9 Fire Magic
 + Level 1.9 Ice Magic
 + Level 1.9 Air Magic
 + Level 1.9 Earth Magic
 + Level 1.9 Alchemy
 + Level 2.6 Invocations
 + Level 2.3 Evocations
 + Level 2.1 Shapeshifting


You had 10 spell levels left.
You didn't know any spells.
Your spell library was empty.

Dungeon Overview and Level Annotations

Branches:
Dungeon (5/15)              Sewer (visited)
 Temple: D:4-7

Altars:
Cheibriados
Kikubaaqudgha
The Shining One


Innate Abilities, Weirdness & Mutations

You have very sharp teeth.
Your uncanny sense of smell can sniff out nearby items.
Your experience applies equally to all skills.


Message History

There is an open door here.
Done exploring.
Done exploring.
There is an open door here.
Things that are here:
a +0 club; a goblin skeleton
There is a stone staircase leading down here.
You climb downwards.
Found 10 gold pieces.
There is a stone staircase leading up here.
You shoot an arrow. The arrow hits the wight!
The wight is heavily damaged.
The adder hisses angrily.
You shoot an arrow. The arrow closely misses the wight.
The wight closely misses you. The wight hits you with a +2 scimitar!
The wight hits you from afar with a +0 spear!
The adder misses you.
You climb upwards.
There is a stone staircase leading down here.
You shoot an arrow. The arrow closely misses the wight.
The wight hits you with a +2 scimitar!
You are too injured to fight recklessly!
You are too injured to fight recklessly!
You are too injured to fight recklessly!
Aiming: Mindburst
Press: ? - help, Q - select action, (/) - cycle Shift-Dir - straight line, f/p - wight
Aim: a wight, wielding a +2 scimitar and wearing a +0 robe (heavily damaged, chance to affect: 74%)
The wight struggles to resist.
The wight hits you with a +2 scimitar!
* * * LOW HITPOINT WARNING * * *
You feel drained.
* * * LOW HITPOINT WARNING * * *
Unknown command.
You shoot an arrow. The arrow hits the wight!
The wight is almost destroyed.
The wight misses you.
You shoot an arrow. The arrow barely misses the wight.
The wight hits you with a +2 scimitar!
You die...

############### ########
#.............#######.......
#.............#.....#.......
#.............#.....#.......
#..........@z.##..###.......
###########)...#..#.........
#....#..#.........
#....#..'......... ######
#####....#..#.........
.....#
#.....#'##..#.....##'#
.....#
#.....#.....#.....#..#
.....#
#.....#.....#.....#..#
.....#
#.....'.....#.....#..#


You could see a wight.

Vanquished Creatures
  An ice beast (D:4)
  2 kobold brigands (Sewer)
  A howler monkey (D:4)
  An iguana (D:4)
  2 hound skeletons (D:3)
  2 gnolls (D:4)
  6 adders
  An adder skeleton (D:3)
  4 ribbon worms
  5 endoplasms
  5 giant cockroaches
  2 hobgoblins (D:1)
  2 jackals (D:3)
  10 kobolds
  6 quokkas
  9 ball pythons
  A ball python skeleton (D:3)
  4 bats
  2 frilled lizards
  6 goblins
  4 rats
76 creatures vanquished.

Notes
Turn   | Place    | Note
-------+----------+-------------------------------------------
     0 | D:1      | smashvw the Gnoll Hunter began the quest for the Orb.
     0 | D:1      | Reached XP level 1. HP: 20/20 MP: 1/1
   166 | D:1      | Reached XP level 2. HP: 26/26 MP: 2/2
   644 | D:2      | Reached XP level 3. HP: 31/31 MP: 0/4
   748 | D:2      | Reached skill level 1 in Invocations
  1204 | D:3      | Reached skill level 1 in Short Blades
  1204 | D:3      | Reached skill level 1 in Long Blades
  1204 | D:3      | Reached skill level 1 in Axes
  1204 | D:3      | Reached skill level 1 in Maces & Flails
  1204 | D:3      | Reached skill level 1 in Polearms
  1204 | D:3      | Reached skill level 1 in Staves
  1204 | D:3      | Reached skill level 1 in Throwing
  1204 | D:3      | Reached skill level 1 in Armour
  1204 | D:3      | Reached skill level 1 in Shields
  1204 | D:3      | Reached skill level 1 in Unarmed Combat
  1204 | D:3      | Reached skill level 1 in Spellcasting
  1204 | D:3      | Reached skill level 1 in Evocations
  1290 | D:3      | Found a glowing golden altar of the Shining One.
  1382 | D:3      | Found a glowing drain.
  1392 | D:3      | Reached skill level 1 in Shapeshifting
  1392 | D:3      | Reached XP level 4. HP: 38/38 MP: 1/5
  1400 | Sewer    | Entered a sewer
  1477 | Sewer    | Reached skill level 1 in Conjurations
  1477 | Sewer    | Reached skill level 1 in Hexes
  1477 | Sewer    | Reached skill level 1 in Summonings
  1477 | Sewer    | Reached skill level 1 in Necromancy
  1477 | Sewer    | Reached skill level 1 in Translocations
  1477 | Sewer    | Reached skill level 1 in Fire Magic
  1477 | Sewer    | Reached skill level 1 in Ice Magic
  1477 | Sewer    | Reached skill level 1 in Air Magic
  1477 | Sewer    | Reached skill level 1 in Earth Magic
  1477 | Sewer    | Reached skill level 1 in Alchemy
  1491 | Sewer    | Noticed a kobold brigand
  1504 | Sewer    | Killed a kobold brigand
  1505 | Sewer    | Reached XP level 5. HP: 20/43 MP: 1/7
  1679 | Sewer    | Noticed a kobold brigand
  1687 | Sewer    | Killed a kobold brigand
  1688 | Sewer    | Reached XP level 6. HP: 46/50 MP: 2/8
  1894 | D:3      | Identified the +0 robe of Majestic Beauty {rF+ Dex+3}
  2092 | D:3      | Found an ancient bone altar of Kikubaaqudgha.
  2097 | D:3      | Reached skill level 5 in Fighting
  2097 | D:3      | Reached skill level 5 in Dodging
  2100 | D:3      | Found a snail-covered altar of Cheibriados.
  2809 | D:4      | Noticed an ice beast
  2825 | D:4      | Killed an ice beast
  2826 | D:4      | Reached XP level 7. HP: 14/56 MP: 3/10
  3406 | D:5      | Entered Level 5 of the Dungeon
  3414 | D:4      | Slain by a wight

Illustrated notes

Levels and vault maps discovered:
D:1:      minmay_arrival_semitransparent, layout_loops_ring,
          minmay_misc_feat_four_crosses
D:2:      layout_loops_cross
D:3:      layout_basic, grunt_temple_overflow_open, mainiacjoe_overflow_catwalk,
          portal_sewer_entry_b, serial_undead, serial_undead_b, serial_undead_e,
          serial_undead_c, serial_undead_e
D:4:      nicolae_cairo_tiling_large_dashed, layout_gridville,
          small_statue_intersection
D:5:      layout_rooms, nicolae_hepliaklqana_hippocampus,
          minmay_temple_entry_butterflies

Skill      XL: |  1  2  3  4  5  6 |
---------------+-------------------+-----
Invocations    | 1 2 |  2.6
Short Blades   | 1 2 |  2.3
Long Blades    | 1 2 |  2.3
Axes           | 1 2 |  2.3
Maces & Flails | 1 2 |  2.3
Polearms       | 1 2 |  2.3
Staves         | 1 2 |  2.3
Throwing       | 1 2 |  2.3
Armour         | 1 2 |  2.3
Shields        | 1 2 |  2.3
Unarmed Combat | 1 2 |  2.3
Spellcasting   | 1 2 |  2.3
Evocations     | 1 2 |  2.3
Shapeshifting  | 1 2 |  2.1
Conjurations   | 1 |  1.9
Hexes          | 1 |  1.9
Summonings     | 1 |  1.9
Necromancy     | 1 |  1.9
Translocations | 1 |  1.9
Fire Magic     | 1 |  1.9
Ice Magic      | 1 |  1.9
Air Magic      | 1 |  1.9
Earth Magic    | 1 |  1.9
Alchemy        | 1 |  1.9
Stealth        | 3 |  3.3
Fighting       | 5 |  5.2
Dodging        | 5 |  5.2
Ranged Weapons | |  8.9

Action                     |  1- 3 |  4- 6 |  7- 9 || total
---------------------------+-------+-------+-------++-------
   Fire: Shortbow          |    33 |       |       ||    33
         Orcbow            |    54 |   136 |    33 ||   223
  Evoke: Wand              |       |       |     1 ||     1
    Use: Potion            |       |     2 |     1 ||     3
         Scroll            |       |       |     2 ||     2
 Armour: Leather armour    |    14 |     8 |       ||    22
         Robe              |       |     7 |    20 ||    27
  Dodge: Dodged            |    22 |    44 |    35 ||   101

Table legend: (Time is in decaauts)
 A = Elapsed time spent in this place.
 B = Non-inter-level travel time spent in this place.
 C = Inter-level travel time spent in this place.
 D = Time resting spent in this place.
 E = Time spent auto-exploring this place.
 F = Levels seen in this place.
 G = Mean time per level.
                   A        B        C        D        E       F      G
               +--------+--------+--------+--------+--------+-----+--------+
         Total |   3511 |   3425 |     86 |    162 |   2721 |   6 |  585.2 |
       Dungeon |   2945 |   2859 |     86 |    162 |   2296 |   5 |  589.0 |
         Sewer |    565 |    565 |      0 |      0 |    424 |   1 |  565.0 |
               +--------+--------+--------+--------+--------+-----+--------+

Top non-repeatable levels by time:
     D:4: 1079 daAuts
     D:3: 666 daAuts
     D:1: 604 daAuts
     D:2: 591 daAuts
   Sewer: 565 daAuts
     D:5: 3 daAuts
